A - U25
HAGERSTOWN SUNS @ ASHEVILLE TOURISTS
06/04/2052
 
TOP OF THE 1ST
Greensboro Grasshoppers batting - Pitching for Lexington Legends : RHP Dwight Parks
Pitching: RHP Dwight Parks
Batting: LHB Hudson Nenno 0-0: Ball
1-0: Foul Ball, location: 9LMFF
1-1: Swinging Strike
1-2: Foul Ball, location: 5DF
1-2: SINGLE (Groundball, 6D, EV 105.6 MPH)
Batting: SHB Bernardino Hoffman 0-0: Foul Ball, location: 2RF
0-1: Ball
1-1: Ball
2-1: Fielders Choice at 2nd, 1-4 (Groundball, 15S, EV 70.6 MPH)
Batting: RHB Alirio Cabrera 0-0: Called Strike
0-1: Ball
1-1: Ball
2-1: Ball
3-1: Foul Ball, location: 23F
3-2: Fly out, F7 (Flyball, 7, EV 83.1 MPH)
Batting: RHB Vic Quiñones 0-0: Called Strike
0-1: Swinging Strike
0-2: Foul Ball, location: 2F
0-2: Ball
1-2: Fly out, F9 (Flyball, 89M, EV 85.6 MPH)
Top of the 1st over - 0 runs, 1 hit, 0 errors, 1 left on base; Greensboro 0 - Lexington 0
BOTTOM OF THE 1ST
Lexington Legends batting - Pitching for Greensboro Grasshoppers : RHP Grant Sammon
Pitching: RHP Grant Sammon
Batting: SHB Odin Zuzana 0-0: Called Strike
0-1: Foul Ball, location: 2F
0-2: Ball
1-2: Strikes out swinging
Batting: RHB Vasco Limon 0-0: Ball
1-0: Called Strike
1-1: Called Strike
1-2: Foul Ball, location: 3F
1-2: Ball
2-2: Foul Ball, location: 9LSF
2-2: Ball
3-2: Base on Balls
Batting: RHB Lou Milligan 0-0: Called Strike
0-1: Ball
1-1: Ball
2-1: Called Strike
Vasco Limon steals 2nd base
2-2: Ground out 1-3 (Groundball, 15S, EV 63.1 MPH)
Batting: RHB Garvin Morrow 0-0: Called Strike
0-1: Ball
1-1: Ball
2-1: Called Strike
2-2: Fly out, F9 (Flyball, 9, EV 90.0 MPH)
Bottom of the 1st over - 0 runs, 0 hits, 0 errors, 1 left on base; Greensboro 0 - Lexington 0
TOP OF THE 2ND
Greensboro Grasshoppers batting - Pitching for Lexington Legends : RHP Dwight Parks
Batting: SHB Zach Gavigan 0-0: Ball
1-0: Ball
2-0: Ground out 5-3 (Groundball, 5, EV 87.5 MPH)
Batting: RHB Ezra Espino 0-0: Ball
1-0: SINGLE (Flyball, 56D, EV 93.8 MPH)
Batting: SHB Cooper Scofield 0-0: Called Strike
0-1: Swinging Strike
0-2: Fly out, F8 (Flyball, 8RM, EV 101.3 MPH)
Batting: RHB A.C. Sun 0-0: Called Strike
0-1: Ground out 5-3 (Groundball, 56S, EV 86.3 MPH)
Top of the 2nd over - 0 runs, 1 hit, 0 errors, 1 left on base; Greensboro 0 - Lexington 0
BOTTOM OF THE 2ND
Lexington Legends batting - Pitching for Greensboro Grasshoppers : RHP Grant Sammon
Batting: RHB Konner Willie 0-0: Called Strike
0-1: Ball
1-1: Ball
2-1: Foul Ball, location: 2F
2-2: Foul Ball, location: 9LMFF
2-2: Strikes out looking
Batting: RHB Larry Hirt 0-0: Called Strike
0-1: Ground out 1-3 (Groundball, 13S, EV 68.8 MPH)
Batting: RHB Scott Pietig 0-0: Ball
1-0: SINGLE (Flyball, 34D, EV 98.1 MPH)
Batting: RHB Darrius Moreno 0-0: Foul Ball, location: 5DF
0-1: Foul Ball, location: 23F
0-2: Ball
1-2: Ball
2-2: Foul Ball, location: 23F
2-2: Ball
3-2: Fly out, F7 (Flyball, 78S, EV 84.4 MPH)
Bottom of the 2nd over - 0 runs, 1 hit, 0 errors, 1 left on base; Greensboro 0 - Lexington 0
TOP OF THE 3RD
Greensboro Grasshoppers batting - Pitching for Lexington Legends : RHP Dwight Parks
Batting: LHB Aarón Mojica 0-0: Ball
1-0: Called Strike
1-1: Ground out 5-3 (Groundball, 56, EV 81.9 MPH)
Batting: LHB Hudson Nenno 0-0: Ball
1-0: Ball
2-0: Called Strike
2-1: Fly out, F7 (Flyball, 7D, EV 98.8 MPH)
Batting: SHB Bernardino Hoffman 0-0: Ball
1-0: Ball
2-0: Ball
3-0: Base on Balls
Batting: RHB Alirio Cabrera 0-0: Foul Ball, location: 9LMF
0-1: Foul Ball, location: 5DF
0-2: Strikes out swinging
Top of the 3rd over - 0 runs, 0 hits, 0 errors, 1 left on base; Greensboro 0 - Lexington 0
BOTTOM OF THE 3RD
Lexington Legends batting - Pitching for Greensboro Grasshoppers : RHP Grant Sammon
Batting: RHB Liam Merrill 0-0: Ball
1-0: Ground out 1-3 (Groundball, 13S, EV 67.5 MPH)
Batting: SHB Odin Zuzana 0-0: Ball
1-0: Ball
2-0: Swinging Strike
2-1: Fly out, F8 (Line Drive, 89M, EV 105.0 MPH)
Batting: RHB Vasco Limon 0-0: Called Strike
0-1: Foul Ball, location: 2F
0-2: SINGLE (Line Drive, 9LS, EV 98.1 MPH)
Batting: RHB Lou Milligan 0-0: Ball
Vasco Limon steals 2nd base
1-0: Foul Ball, location: 2F
1-1: Swinging Strike
1-2: Foul Ball, location: 2LF
1-2: Fly out, F8 (Flyball, 8RD, EV 80.0 MPH)
Bottom of the 3rd over - 0 runs, 1 hit, 0 errors, 1 left on base; Greensboro 0 - Lexington 0
TOP OF THE 4TH
Greensboro Grasshoppers batting - Pitching for Lexington Legends : RHP Dwight Parks
Batting: RHB Vic Quiñones 0-0: Ball
1-0: Ball
2-0: Foul Ball, location: 5FF
2-1: Ball
3-1: SINGLE (Flyball, 8RS, EV 95.6 MPH)
Batting: SHB Zach Gavigan 0-0: Ball
1-0: Ball
2-0: Fly out, F9 (Flyball, 9S, EV 80.6 MPH)
Batting: RHB Ezra Espino 0-0: Called Strike
0-1: Ball
1-1: Called Strike
Vic Quiñones steals 2nd base
1-2: Strikes out swinging
Batting: SHB Cooper Scofield 0-0: Ball
1-0: Ground out 1-3 (Groundball, 34S, EV 67.5 MPH)
Top of the 4th over - 0 runs, 1 hit, 0 errors, 1 left on base; Greensboro 0 - Lexington 0
BOTTOM OF THE 4TH
Lexington Legends batting - Pitching for Greensboro Grasshoppers : RHP Grant Sammon
Batting: RHB Garvin Morrow 0-0: Ball
1-0: Swinging Strike
1-1: Foul Ball, location: 25FF
1-2: Fly out, F7 (Flyball, 7LSF, EV 95.6 MPH)
Batting: RHB Konner Willie 0-0: Ball
1-0: Foul Ball, location: 2F
1-1: Swinging Strike
1-2: Ball
2-2: Strikes out swinging
Batting: RHB Larry Hirt 0-0: Ball
1-0: Foul Ball, location: 5F
1-1: Hit by Pitch
Batting: RHB Scott Pietig 0-0: Fielders Choice at 2nd, 5-4 (Groundball, 56, EV 83.1 MPH)
Bottom of the 4th over - 0 runs, 0 hits, 0 errors, 1 left on base; Greensboro 0 - Lexington 0
TOP OF THE 5TH
Greensboro Grasshoppers batting - Pitching for Lexington Legends : RHP Dwight Parks
Batting: RHB A.C. Sun 0-0: Swinging Strike
0-1: Foul Ball, location: 2RF
0-2: Ball
1-2: Foul Ball, location: 5F
1-2: Ball
2-2: Foul Ball, location: 3DF
2-2: Ball
3-2: Base on Balls
Batting: LHB Aarón Mojica 0-0: Bunted foul
0-1: Ball
1-1: Bunted foul
1-2: Ball
2-2: DOUBLE (Line Drive, 78M, EV 90.6 MPH)
A.C. Sun to third
Batting: LHB Hudson Nenno 0-0: Ball
1-0: Ball
2-0: Ball
3-0: Base on Balls
Batting: SHB Bernardino Hoffman 0-0: Called Strike
0-1: Fly out, F7 (Line Drive, 7S, EV 107.5 MPH)
Batting: RHB Alirio Cabrera 0-0: Called Strike
0-1: Ball
1-1: Ball
2-1: Foul Ball, location: 2F
2-2: Foul Ball, location: 9LDF
2-2: Foul Ball, location: 25F
2-2: Foul Ball, location: 9LMF
2-2: Fly out, F9 (Flyball, 89S, EV 86.3 MPH)
Pitching: RHP Silvio Collazo
Batting: RHB Vic Quiñones 0-0: Called Strike
0-1: Ball
1-1: Foul Ball, location: 2LF
1-2: Fly out, F9 (Flyball, 89M, EV 95.0 MPH)
Top of the 5th over - 0 runs, 1 hit, 0 errors, 3 left on base; Greensboro 0 - Lexington 0
BOTTOM OF THE 5TH
Lexington Legends batting - Pitching for Greensboro Grasshoppers : RHP Grant Sammon
Batting: RHB Darrius Moreno 0-0: Ball
1-0: Ball
2-0: Called Strike
2-1: Ball
3-1: SOLO HOME RUN (Flyball, 7LD, EV 93.1 MPH), Distance : 340 ft
Pitching: RHP Spencer Michelsen
Batting: RHB Liam Merrill 0-0: Ball
1-0: Fly out, F8 (Line Drive, 8RD, EV 101.9 MPH)
Batting: SHB Odin Zuzana 0-0: Called Strike
0-1: Ball
1-1: Ball
2-1: Foul Ball, location: 5DF
2-2: Foul Ball, location: 3F
2-2: SINGLE (Groundball, 3D, EV 98.1 MPH)
Batting: RHB Vasco Limon 0-0: Ball
1-0: SINGLE (Groundball, 6MS, EV 70.6 MPH) (infield hit)
Odin Zuzana to second
Batting: RHB Lou Milligan 0-0: Foul Ball, location: 2F
0-1: Ball
1-1: Ball
2-1: Foul Ball, location: 23FF
2-2: Ball
3-2: Fielders Choice at 2nd, 6-4 (Groundball, 6, EV 80.6 MPH)
Odin Zuzana to third
Batting: RHB Garvin Morrow 0-0: Foul Ball, location: 9LDF
0-1: Called Strike
0-2: Foul Ball, location: 25FF
0-2: Ball
1-2: SINGLE (Groundball, 4M, EV 82.5 MPH)
Odin Zuzana scores
Lou Milligan to second
Runner from 2nd tries for 3rd, OUT! 8-5
Bottom of the 5th over - 2 runs, 4 hits, 0 errors, 1 left on base; Greensboro 0 - Lexington 2
TOP OF THE 6TH
Greensboro Grasshoppers batting - Pitching for Lexington Legends : RHP Silvio Collazo
Batting: SHB Zach Gavigan 0-0: Ball
1-0: SINGLE (Groundball, 4MS, EV 67.5 MPH) (infield hit)
Batting: RHB Ezra Espino 0-0: Ground out 4-3 (Groundball, 4, EV 83.8 MPH)
Zach Gavigan to second
Batting: SHB Cooper Scofield 0-0: Ball
1-0: Fly out, F8 (Flyball, 8RXD, EV 93.8 MPH)
Runner from 2nd tags up, SAFE at 3rd, no throw by CF
Batting: RHB A.C. Sun 0-0: Foul Ball, location: 2F
0-1: Ball
1-1: Ball
2-1: Foul Ball, location: 9LSF
2-2: Ground out 5-3 (Groundball, 56, EV 82.5 MPH)
Top of the 6th over - 0 runs, 1 hit, 0 errors, 1 left on base; Greensboro 0 - Lexington 2
BOTTOM OF THE 6TH
Lexington Legends batting - Pitching for Greensboro Grasshoppers : RHP Spencer Michelsen
Batting: RHB Konner Willie 0-0: Ball
1-0: Called Strike
1-1: SINGLE (Line Drive, 78S, EV 109.4 MPH)
Batting: RHB Larry Hirt 0-0: Foul Ball, location: 2F
0-1: Ball
1-1: Called Strike
1-2: Ball
2-2: SINGLE (Line Drive, 7S, EV 100.6 MPH)
Konner Willie to second
Batting: RHB Scott Pietig 0-0: Ball
1-0: SINGLE (Groundball, 56, EV 101.3 MPH) (infield hit)
Konner Willie to third
Larry Hirt to second
Batting: RHB Darrius Moreno 0-0: Called Strike
0-1: Ball
1-1: Swinging Strike
1-2: Ball
2-2: Ball
3-2: Strikes out swinging
Batting: RHB Liam Merrill 0-0: Ball
1-0: Called Strike
1-1: Ball
2-1: Swinging Strike
2-2: Strikes out swinging
Batting: SHB Odin Zuzana 0-0: DOUBLE (Flyball, 8RXD, EV 91.9 MPH)
Konner Willie scores
Larry Hirt scores
Scott Pietig to third
Runner from 3rd tries for Home, SAFE, throw by CF to home
Pitching: LHP Lee Goke
Batting: RHB Vasco Limon 0-0: Foul Ball, location: 25FF
0-1: Called Strike
0-2: Foul Ball, location: 2F
0-2: Ball
1-2: Ball
2-2: Ground out 5-3 (Groundball, 56S, EV 85.0 MPH)
Bottom of the 6th over - 3 runs, 4 hits, 0 errors, 1 left on base; Greensboro 0 - Lexington 5
TOP OF THE 7TH
Greensboro Grasshoppers batting - Pitching for Lexington Legends : RHP Silvio Collazo
Batting: LHB Aarón Mojica 0-0: Foul Ball, location: 7LSF
0-1: Ball
1-1: Foul Ball, location: 2F
1-2: Strikes out swinging
Batting: LHB Hudson Nenno 0-0: Called Strike
0-1: Called Strike
0-2: Ball
1-2: Foul Ball, location: 2F
1-2: Foul Ball, location: 2F
1-2: Ball
2-2: Foul Ball, location: 5DF
2-2: Fly out, F7 (Flyball, 78D, EV 93.8 MPH)
Batting: SHB Bernardino Hoffman 0-0: Ball
1-0: Swinging Strike
1-1: Swinging Strike
1-2: Ball
2-2: Foul Ball, location: 2F
2-2: Ball
3-2: Strikes out swinging
Top of the 7th over - 0 runs, 0 hits, 0 errors, 0 left on base; Greensboro 0 - Lexington 5
BOTTOM OF THE 7TH
Lexington Legends batting - Pitching for Greensboro Grasshoppers : LHP Lee Goke
Batting: RHB Lou Milligan 0-0: Ball
1-0: Called Strike
1-1: Swinging Strike
1-2: Ground out 6-3 (Groundball, 6, EV 83.8 MPH)
Batting: RHB Garvin Morrow 0-0: Ball
1-0: SINGLE (Groundball, 34S, EV 75.0 MPH) (infield hit)
Batting: RHB Konner Willie Pickoff Throw to First - Out! 1-3
0-0: Called Strike
0-1: Ball
1-1: Foul Ball, location: 9LDF
1-2: Fly out, F9 (Flyball, 89D, EV 110.0 MPH)
Bottom of the 7th over - 0 runs, 1 hit, 0 errors, 0 left on base; Greensboro 0 - Lexington 5
TOP OF THE 8TH
Greensboro Grasshoppers batting - Pitching for Lexington Legends : RHP Silvio Collazo
Batting: RHB Alirio Cabrera 0-0: Ball
1-0: Ball
2-0: Ball
3-0: Base on Balls
Batting: RHB Vic Quiñones 0-0: Called Strike
0-1: Ball
1-1: Fielders Choice at 2nd, 6-4 (Groundball, 6, EV 84.4 MPH)
Batting: SHB Zach Gavigan 0-0: DOUBLE (Flyball, 78XD, EV 110.0 MPH)
Vic Quiñones to third
Batting: RHB Ezra Espino 0-0: Ball
1-0: Foul Ball, location: 23FF
1-1: Foul Ball, location: 3DF
1-2: Foul Ball, location: 2F
1-2: Ground out 5-3 (Groundball, 56S, EV 86.3 MPH)
Batting: SHB Cooper Scofield 0-0: Ball
1-0: Ball
2-0: Foul Ball, location: 2F
2-1: Foul Ball, location: 2F
2-2: Foul Ball, location: 3F
2-2: Ground out 3-1 (Groundball, 34, EV 83.8 MPH)
Top of the 8th over - 0 runs, 1 hit, 0 errors, 2 left on base; Greensboro 0 - Lexington 5
BOTTOM OF THE 8TH
Lexington Legends batting - Pitching for Greensboro Grasshoppers : LHP Lee Goke
Batting: RHB Larry Hirt 0-0: Swinging Strike
0-1: Ball
1-1: Ball
2-1: Foul Ball, location: 2F
2-2: Foul Ball, location: 2F
2-2: Foul Ball, location: 5SF
2-2: Strikes out swinging
Batting: RHB Scott Pietig 0-0: Ball
1-0: SINGLE (Flyball, 8RS, EV 94.4 MPH)
Batting: RHB Darrius Moreno 0-0: Swinging Strike
0-1: Ball
1-1: DOUBLE (Flyball, 89XD, EV 100.0 MPH)
Scott Pietig to third
Runner from 3rd tries for Home, SAFE, throw by RF to trailing runner, SAFE at third!
Batting: RHB Liam Merrill 0-0: Ball
1-0: Called Strike
1-1: Ball
2-1: Fly out, F9 (Flyball, 89M, EV 95.0 MPH)
Runner from 3rd tags up, SCORES, throw by RF
Batting: SHB Odin Zuzana 0-0: Ball
1-0: Ball
2-0: Called Strike
2-1: SOLO HOME RUN (Flyball, 9LD, EV 92.5 MPH), Distance : 353 ft
Batting: RHB Vasco Limon 0-0: Called Strike
0-1: Ball
1-1: Swinging Strike
1-2: Foul Ball, location: 2F
1-2: Ball
2-2: Strikes out looking
Bottom of the 8th over - 3 runs, 3 hits, 0 errors, 0 left on base; Greensboro 0 - Lexington 8
TOP OF THE 9TH
Greensboro Grasshoppers batting - Pitching for Lexington Legends : RHP Silvio Collazo
Batting: RHB A.C. Sun 0-0: Ball
1-0: Ball
2-0: Swinging Strike
2-1: Ground out 6-3 (Groundball, 6, EV 108.1 MPH)
Batting: LHB Aarón Mojica 0-0: Ball
1-0: Fly out, F9 (Flyball, 9D, EV 92.5 MPH)
Batting: LHB Hudson Nenno 0-0: Called Strike
0-1: Called Strike
0-2: Foul Ball, location: 7LMF
0-2: Ball
1-2: Foul Ball, location: 3FF
1-2: Ball
2-2: Ball
3-2: Base on Balls
Batting: SHB Bernardino Hoffman 0-0: Ball
1-0: Called Strike
1-1: Ball
2-1: Ball
3-1: Base on Balls
Hudson Nenno to second
Batting: RHB Alirio Cabrera 0-0: Ball
1-0: Foul Ball, location: 3SF
1-1: Ball
2-1: Ball
3-1: Base on Balls
Hudson Nenno to third
Bernardino Hoffman to second
Batting: RHB Vic Quiñones 0-0: Called Strike
0-1: Fly out, F9 (Flyball, 9LM, EV 95.6 MPH)
Top of the 9th over - 0 runs, 0 hits, 0 errors, 3 left on base; Greensboro 0 - Lexington 8
Wednesday, April 24th , 2024 - OOTP Baseball 24.11 Build 85